 Seeded DCSS version 0.31.0-12-g77e489cdc1 (webtiles) character file.

Game seed: 9399991975191522839 (custom seed)

191 CInkIbrahim the Poker (level 5, 26/41 HPs)
             Began as a Demonspawn Fighter on Feb 27, 2024.
             Quit the game on level 2 of the Dungeon.
             The game lasted 00:01:05 (739 turns).

CInkIbrahim the Poker (Demonspawn Fighter)           Turns: 739, Time: 00:01:06

Health: 26/41      AC:  6    Str: 18    XL:     5   Next: 41%
Magic:  5/5        EV:  9    Int:  9    God:
Gold:   75         SH:  4    Dex: 12    Spells: 4/4 levels left

rFire   . . .        a - +0 trident
rCold   . . .        c - +0 buckler
rNeg    . . .        b - +0 scale mail
rPois   .            (no helmet)
rElec   .            (no cloak)
rCorr   .            (no gloves)
SInv    .            (no boots)
Will    .....        (no amulet) Stlth
                     (no ring)
HPRegen 0.26/turn    (no ring)
MPRegen 0.09/turn

%: no passive effects
@: mighty
A: claws 1, hooves 1, spiny 1, weakness stinger 1
a: no special abilities


You were on level 2 of the Dungeon.
You visited 1 branch of the dungeon, and saw 2 of its levels.

You collected 75 gold pieces.

Inventory:

Hand Weapons
 a - a +0 trident (weapon)
Armour
 b - a +0 scale mail (worn)
 c - a +0 buckler (worn)
Scrolls
 e - 4 scrolls of blinking
 g - a scroll of immolation {unknown}
 h - a scroll of poison {unknown}
 i - a scroll of noise {unknown}
 j - a scroll of enchant weapon {unknown}
Potions
 f - a potion of curing {unknown}


   Skills:
 - Level 3.0 Fighting
 + Level 5.2 Polearms
 - Level 2.6 Armour
 - Level 2.6 Shields


You had 4 spell levels left.
You didn't know any spells.
Your spell library contained the following spells:

 Spells                   Type           Power      Damage    Failure   Level
 Blink                    Tloc           0%         N/A       94%         2
 Lesser Beckoning         Tloc           0%         N/A       94%         2
 Momentum Strike          Conj/Tloc      0%         3d8       94%         2


Dungeon Overview and Level Annotations

Branches:
Dungeon (2/15)

Altars:


Innate Abilities, Weirdness & Mutations

You have sharp fingernails.
You have large cloven feet.
You are partially covered in sharp spines.
You have a small tail.


Message History

j - a scroll labelled NUKECI RAUSM No target in view!
Sigmund the Dreaded comes into view.
He is wielding a +0 scythe.
Found a leather armour.
Sigmund shouts!
You reach to attack!
You hit Sigmund.
Sigmund is lightly wounded.
A bat comes into view.
Sigmund points at you and mumbles some strange words.
The magic dart hits you.
A goblin comes into view. It is wielding a +0 club.
There are monsters nearby!
You barely miss the bat.
The goblin shouts!
The bat hits you but does no damage.
Sigmund hits you from afar with a +0 scythe!
You feel very mighty all of a sudden. The bat completely misses you.
The bat hits you but does no damage. Sigmund completely misses you.
You puncture the bat!
You kill the bat!
Sigmund barely misses you.
You reach to attack!
You closely miss Sigmund.
Sigmund is lightly wounded.
You reach to attack!
You puncture Sigmund!
Sigmund is heavily wounded.
Sigmund hits you but does no damage.
You reach to attack!
You puncture Sigmund!
Sigmund is severely wounded.
Sigmund hits you from afar with a +0 scythe.
You reach to attack!
You puncture Sigmund!
You kill Sigmund!
Your Polearms skill gained 2 levels and is now at level 5!
You have reached level 4!
You feel clever.
Your demonic ancestry asserts itself...
Sharp spines emerge from parts of your body.
You have reached level 5!
Your demonic ancestry asserts itself...
Your feet thicken and deform.
Are you sure you want to abandon this character and quit the game? (Confirm with "yes".)

########## #........#
#.######.#
#########.##### #
##.#...........##.####
##....#####.##........#
#.....# #.##..##.##.
##....# #.##..##.#
###.#.# #....#@..#
......# ####..#.##
###.### #.# g# ##'##
#.# .# ##...## #.. ..
#.....## ## .. .......#
... ........# #.[
........+


You could see a goblin.

Vanquished Creatures
  Sigmund (D:2)
  An adder (D:2)
  3 ball pythons (D:1)
  A giant cockroach (D:1)
  3 goblins (D:1)
  2 jackals (D:1)
  A quokka (D:2)
  5 bats
  5 kobolds (D:1)
22 creatures vanquished.

Notes
Turn   | Place    | Note
-------+----------+-------------------------------------------
     0 | D:1      | CInkIbrahim the Demonspawn Fighter began the quest for the
                  | Orb.
     0 | D:1      | Reached XP level 1. HP: 18/18 MP: 1/1
    68 | D:1      | Reached skill level 2 in Polearms
   215 | D:1      | Discovered your monstrous ancestry.
   215 | D:1      | Gained mutation: You have sharp fingernails. [demonic
                  | ancestry]
   215 | D:1      | Reached XP level 2. HP: 24/24 MP: 2/2
   673 | D:2      | Reached skill level 3 in Polearms
   673 | D:2      | Gained mutation: You have a small tail. [demonic ancestry]
   673 | D:2      | Reached XP level 3. HP: 23/29 MP: 3/3
   730 | D:2      | Noticed Sigmund
   738 | D:2      | Killed Sigmund
   739 | D:2      | Reached skill level 5 in Polearms
   739 | D:2      | Gained mutation: You are partially covered in sharp spines.
                  | [demonic ancestry]
   739 | D:2      | Reached XP level 4. HP: 22/35 MP: 4/4
   739 | D:2      | Gained mutation: You have large cloven feet. [demonic
                  | ancestry]
   739 | D:2      | Reached XP level 5. HP: 26/41 MP: 5/5
   739 | D:2      | Quit the game

Illustrated notes

Levels and vault maps discovered:
D:1:      evilmike_arrival_plus, layout_rooms
D:2:      layout_loops_corners, uniq_sigmund, uniq_jessica

Skill      XL: |  1  2  3 |
---------------+----------+-----
Polearms       | 2 3 5 |  5.2
Fighting       | |  3.0
Armour         | |  2.6
Shields        | |  2.6

Action                     |  1- 3 |  4- 6 || total
---------------------------+-------+-------++-------
  Melee: Trident           |    80 |       ||    80
    Use: Scroll            |     1 |       ||     1
         Potion            |     1 |       ||     1
 Armour: Scale mail        |    48 |       ||    48
  Dodge: Dodged            |    37 |       ||    37
  Block: Buckler           |    15 |       ||    15
